 Dungeon Crawl Stone Soup version 0.29.1-13-g9f3cf754e1 (webtiles) character file.

Game seed: 13047760578259758826

85 foxxo the Conjurer (level 4, 0/24 HPs)
             Began as a Deep Elf Conjurer on Feb 8, 2023.
             Slain by a phantom (2 damage)
             ... on level 4 of the Dungeon.
             The game lasted 00:06:02 (2992 turns).

foxxo the Conjurer (Deep Elf Conjurer)              Turns: 2992, Time: 00:06:03

Health: 0/24       AC:  3    Str:  4    XL:     4   Next: 25%
Magic:  1/12       EV: 13    Int: 26    God:
Gold:   157        SH:  0    Dex: 15    Spells: 3/11 levels left

rFire   . . .      SeeInvis .   v - +8 war axe of Purpose {flame, Int+3}
rCold   . . .      Faith    .   (no shield)
rNeg    . . .      Spirit   .   a - +0 robe
rPois   .          Reflect  .   t - +0 helmet
rElec   .          Harm     .   (no cloak)
rCorr   .          Rampage  .   (no gloves)
Will    .....                   (no boots)
Stlth   ++........              (no amulet)
HPRegen 0.08/turn               (no ring)
MPRegen 0.13/turn               (no ring)

@: no status effects
A: no striking features
a: no special abilities


You were on level 4 of the Dungeon.
You visited 1 branch of the dungeon, and saw 4 of its levels.

You collected 157 gold pieces.

Inventory:

Hand Weapons
 b - a +0 short sword
 v - the +8 war axe of Purpose (weapon) {flame, Int+3}
   (You found it on level 3 of the Dungeon)

   It burns those it strikes, dealing additional fire damage.
   Big, fiery blades are also staple armaments of hydra-hunters.
   Int:       It affects your intelligence (+3).
Armour
 a - a +0 robe (worn)
 o - a +0 leather armour
 t - a +0 helmet (worn)
Jewellery
 k - a ring of ice
 p - a ring of see invisible
 s - a ring of poison resistance
Wands
 q - a wand of digging (5)
Scrolls
 e - 3 scrolls of teleportation {unknown}
 f - a scroll of silence {unknown}
 g - a scroll of blinking {unknown}
 h - a scroll of immolation {unknown}
 j - a scroll of brand weapon {unknown}
 l - a scroll of summoning {unknown}
 m - a scroll of poison {unknown}
 r - a scroll of identify {unknown}
Potions
 c - a potion of resistance {unknown}
 d - a potion of magic
 i - a potion of heal wounds {unknown}
 n - 2 potions of might {unknown}
 u - a potion of lignification {unknown}
 w - a potion of haste {unknown}


   Skills:
 * Level 0.1 Fighting
 + Level 0.1 Short Blades
 * Level 2.8 Dodging
 + Level 2.6 Stealth
 + Level 0.2 Unarmed Combat
 * Level 4.1 Spellcasting
 + Level 5.4 Conjurations
 * Level 0.6 Earth Magic


You had 3 spell levels left.
You knew the following spells:

 Your Spells              Type           Power      Damage    Failure   Level
a - Stone Arrow           Conj/Erth      42%        3d9       8%          3
d - Magic Dart            Conj           100%       1d8       1%          1
r - Searing Ray           Conj           66%        2d6       1%          2
v - Poisonous Vapours     Pois/Air       10%        N/A       13%         2

Your spell library contained the following spells:

 Spells                   Type           Power      Damage    Failure   Level
 Sandblast                Erth           16%        2d6       7%          1
 Dazzling Flash           Conj/Hex       38%        N/A       9%          3
 Passwall                 Tmut/Erth      5%         N/A       11%         2
 Fulminant Prism          Conj/Hex       9%         3d7       28%         4
 Iskenderun's Mystic Bla  Conj/Tloc      19%        2d6       28%         4
 Corpse Rot               Necr/Pois/Air  5%         N/A       63%         4


Dungeon Overview and Level Annotations

Branches:
Dungeon (4/15)
 Temple: D:4-7

Altars:
Elyvilon

Shops:
D:1 =


Message History

Confirm with . or Enter, or press ? or * to list all spells.
The spell is quite dangerous to miscast (8% risk of failure)!
Continue anyway?
Okay, then.
A phantom is nearby!
Casting: Stone Arrow (quite dangerous; 8% risk of failure)
Confirm with . or Enter, or press ? or * to list all spells.
The spell is quite dangerous to miscast (8% risk of failure)!
Continue anyway?
Aiming: Stone Arrow (quite dangerous; 8% risk of failure)
Press: ? - help, Shift-Dir - straight line, f/p - phantom
Aim: a phantom (lightly damaged, 60% to hit)
The stone arrow hits the phantom!
The phantom is severely damaged.
The phantom hits you.
The phantom blinks!
You blink.
Found a scroll labelled LOHAT VUTTAS.
Casting: Stone Arrow (quite dangerous; 8% risk of failure)
Confirm with . or Enter, or press ? or * to list all spells.
Aiming: Searing Ray (safe; 1% risk of failure)
Press: ? - help, Shift-Dir - straight line, f/p - phantom
Aim: a phantom (severely damaged, 73% to hit)
The searing ray misses the phantom. (Press . to maintain the ray.)
The phantom barely misses you.
The searing ray misses the phantom.
The phantom hits you.
* * * LOW HITPOINT WARNING * * *
The phantom blinks!
You blink.
Casting: Searing Ray (safe; 1% risk of failure)
Confirm with . or Enter, or press ? or * to list all spells.
Aiming: Searing Ray (safe; 1% risk of failure)
Press: ? - help, Shift-Dir - straight line, f/p - phantom
Aim: a phantom (severely damaged, 73% to hit)
The searing ray hits the phantom.
The phantom is almost destroyed. (Press . to maintain the ray.)
The phantom hits you.
* * * LOW HITPOINT WARNING * * *
The phantom blinks!
You blink.
You closely miss the phantom.
The phantom is almost destroyed.
The phantom hits you.
You die...

#...........#
#.####§##'#.#
# +.+..# # #.
#.#..#
#.#+##.####.#
#.....§.....#
#.#'##.####.#
#..W.+ #?@#.
####. .. #.
+.


You could see a phantom.

Vanquished Creatures
  An ufetubus (D:3)
  4 worms
  3 dart slugs
  An orc (D:4)
  5 bats
  7 endoplasms
  3 giant cockroaches
  5 goblins
  5 hobgoblins
  5 jackals
  2 quokkas
  5 ball pythons
  3 frilled lizards
  3 kobolds
  2 rats (D:2)
54 creatures vanquished.

Notes
Turn   | Place    | Note
-------+----------+-------------------------------------------
     0 | D:1      | foxxo the Deep Elf Conjurer began the quest for the Orb.
     0 | D:1      | Reached XP level 1. HP: 10/10 MP: 6/6
   278 | D:1      | Reached XP level 2. HP: 15/15 MP: 4/8
   283 | D:1      | Learned a level 2 spell: Searing Ray
   483 | D:1      | Found Urewkebb's Jewellery Shop.
   551 | D:1      | Found a faded altar of an unknown god.
   602 | D:1      | Reached skill level 5 in Conjurations
  1116 | D:2      | Reached XP level 3. HP: 19/19 MP: 6/9
  1988 | D:3      | Learned a level 3 spell: Stone Arrow
  2087 | D:3      | Found a white marble altar of Elyvilon.
  2362 | D:3      | Reached XP level 4. HP: 24/24 MP: 4/11
  2572 | D:3      | Identified the +8 war axe of Purpose {flame, Int+3}
  2801 | D:3      | Learned a level 2 spell: Poisonous Vapours
  2983 | D:4      | Noticed a phantom
  2992 | D:4      | Slain by a phantom

Illustrated notes

Levels and vault maps discovered:
D:1:      eino_arrival_cavern_b, layout_basic,
          hellmonk_ecumenical_altar_crossroads, serial_shops, shop
D:2:      layout_basic, hangedman_feature_mirror, grunt_ministairs_8,
          kennysheep_nondescript
D:3:      layout_loops_ring, mainiacjoe_overflow_six_doors_small
D:4:      minmay_door_path, layout_cave_pools, slow_altar_1,
          minmay_temple_entry_grid

Skill      XL: |  1  2  3  4 |
---------------+-------------+-----
Conjurations   | 5 |  5.4
Spellcasting   | 4 |  4.1
Fighting       | |  0.1
Short Blades   | |  0.1
Dodging        | |  2.8
Stealth        | |  2.6
Unarmed Combat | |  0.2
Earth Magic    | |  0.6

Action                   |  1- 3 |  4- 6 || total
-------------------------+-------+-------++-------
Melee: Unarmed           |    15 |       ||    15
       Short sword       |    16 |       ||    16
       War axe           |       |     2 ||     2
 Cast: Magic Dart        |    63 |    17 ||    80
       Searing Ray       |     7 |     4 ||    11
       Stone Arrow       |       |     2 ||     2
       Poisonous Vapours |       |     1 ||     1
 Stab: Sleeping          |     3 |       ||     3
Armor: Robe              |    13 |       ||    13
Dodge: Dodged            |    34 |     5 ||    39
